Map: Cyber Forest LE

Players

Probe - Winner!

  • Race: Protoss Protoss
  • Spawn Location: 11:00

TIME (Oliveira)

  • Race: Terran Terran
  • Spawn Location: 5:00

Event: 2019 WCS Winter Americas

VOD

Have the link to the VOD?

Description

Time

  • Played on: Feb. 7, 2019, 3:03 p.m.
  • Length: 17:29

All games in this series

Show
View Real Time Build Order
Export as new Build Order

Probe Protoss - Winner!

Build Orders: 1 Gate Expand, Double Forge, Blink Stalkers, Carriers 

Get SALT Encoding   

  12  0:00  Probe  
  13  0:13  Probe  
  14  0:18  Pylon  
  14  0:24  Probe  
  15  0:32  Probe  
  15  0:37  Gateway  
  15  0:40  Probe  
  16  0:46  Assimilator  
  17  0:51  Probe  
  18  1:03  Probe  
  19  1:15  Probe  
  20  1:23  Nexus  
  20  1:33  Cybernetics Core  
  20  1:36  Probe  
  21  1:42  Assimilator  
  21  1:48  Probe  
  21  1:53  Pylon  
  22  2:00  Probe  
  23  2:01  Adept  
  23  2:08  Probe  
  23  2:15  Twilight Council  
  26  2:16  Probe  
  26  2:20  Warp Gate  
  27  2:26  Probe  
  28  2:31  Stalker, Probe  
  31  2:39  Probe  
  31  2:40  Probe  
  31  2:42  Blink  
  32  2:49  Probe  
  32  2:51  Probe  
  34  3:01  Probe  
  34  3:04  Probe  
  36  3:07  Stalker  
  36  3:11  Probe  
  38  3:16  Probe  
  38  3:17  Robotics Facility  
  38  3:19  Probe  
  41  3:28  Probe x2  
  43  3:35  Pylon  
  43  3:40  Probe, Gateway x2  
  44  3:41  Probe  
  45  3:52  Probe, Pylon  
  45  3:53  Probe  
  45  3:55  Assimilator  
  47  4:04  Observer, Probe  
  47  4:06  Probe  
  47  4:08  Stalker  
  52  4:13  Nexus  
  54  4:25  Observer  
  54  4:27  Pylon  
  53  4:33  Stalker  
  53  4:34  Stalker  
  53  4:36  Stalker  
  53  4:37  Probe x2  
  61  4:42  Pylon  
  61  4:44  Forge  
  61  4:51  Forge  
  61  4:52  Charge  
  62  4:53  Observer  
  62  4:55  Probe x2  
  62  4:58  Protoss Ground Weapons Level 1, Pylon  
  64  5:03  Probe x2  
  64  5:04  Protoss Ground Armor Level 1  
  64  5:11  Probe  
  64  5:12  Probe  
  67  5:26  Gateway  
  67  5:27  Probe x3, Gateway  
  70  5:29  Gateway  
  70  5:39  Probe x2  
  70  5:40  Probe  
  73  5:43  Gateway  
  73  5:47  Gateway  
  73  5:51  Zealot, Sentry x2, Probe x2  
  73  5:53  Probe  
  73  5:54  Pylon  
  82  6:01  Warp Prism  
  82  6:03  Probe x2  
  86  6:05  Probe  
  86  6:06  Pylon  
  87  6:13  Zealot  
  87  6:14  Zealot  
  87  6:15  Zealot  
  93  6:22  Pylon  
  93  6:23  Pylon  
  93  6:30  Zealot x2  
  97  6:33  Protoss Ground Weapons Level 2  
  97  6:34  Zealot x2  
  101  6:45  Nexus  
  101  6:46  Zealot  
  101  6:47  Zealot x3  
  107  6:50  Protoss Ground Armor Level 2  
  109  6:56  Zealot x4  
  109  6:59  Templar Archives  
  117  7:06  Assimilator  
  117  7:07  Zealot x4, Assimilator  
  125  7:20  Pylon  
  125  7:21  Pylon  
  125  7:22  Pylon  
  125  7:25  Zealot x4  
  119  7:45  Psionic Storm  
  119  7:49  Zealot x4, High Templar x2  
  119  7:50  Zealot x2  
  119  7:51  Warp Prism  
  133  8:00  Probe x4  
  137  8:12  Probe  
  138  8:14  High Templar x2  
  138  8:15  Zealot x4  
  138  8:16  Probe  
  151  8:22  Probe x2  
  151  8:24  Probe  
  151  8:25  Pylon  
  154  8:29  Probe  
  155  8:37  Robotics Bay, Pylon  
  155  8:39  Zealot x6  
  167  8:42  Probe x2, Robotics Facility  
  167  8:45  Assimilator  
  169  8:55  Protoss Ground Weapons Level 3  
  169  8:57  High Templar x2  
  169  8:58  Probe x2  
  169  9:01  Assimilator  
  169  9:02  Assimilator  
  175  9:04  Shield Battery  
  175  9:05  Protoss Ground Armor Level 3  
  175  9:06  Pylon  
  175  9:07  Photon Cannon  
  175  9:08  Photon Cannon  
  175  9:09  Photon Cannon  
  171  9:32  Stargate  
  171  9:34  Zealot  
  171  9:35  Zealot x7  
  167  10:00  Zealot x7  
  167  10:05  Nexus  
  139  10:12  Immortal  
  113  10:21  Fleet Beacon  
  113  10:23  High Templar x2  
  113  10:24  Zealot x5, Stargate x2  
  113  10:28  Protoss Air Weapons Level 1  
  127  10:41  Cybernetics Core  
  127  10:44  Zealot x6  
  139  10:50  Carrier x3  
  139  11:05  Warp Prism  
  157  11:14  Protoss Air Armor Level 1  
  155  11:32  Assimilator  
  155  11:35  Assimilator  
  155  11:38  Pylon  
  159  11:40  Immortal  
  159  11:41  Immortal, Pylon  
  159  11:45  Gravitic Boosters  
  163  11:52  Carrier x2  
  163  11:54  Carrier  
  163  11:59  Protoss Air Weapons Level 2  
  181  12:06  High Templar  
  181  12:07  High Templar  
  185  12:10  High Templar  
  185  12:11  Stalker  
  185  12:12  Zealot x2, Archon  
  188  12:17  Probe x2  
  176  12:42  Gravitic Drive  
  172  12:50  Carrier  
  172  12:51  Protoss Shields Level 1  
  172  12:57  Photon Cannon  
  178  12:59  Photon Cannon  
  178  13:01  Carrier x2  
  178  13:02  Photon Cannon  
  178  13:05  Photon Cannon, Protoss Air Armor Level 2  
  188  13:09  Zealot x3  
  192  13:26  Stalker x3  
  170  13:47  Carrier  
  154  13:51  Zealot x8  
  170  14:11  High Templar x2  
  170  14:12  High Templar  
  176  14:17  Zealot x4  
  176  14:19  Probe x4  
  188  14:26  High Templar  
  180  14:41  Carrier  
  180  14:51  Carrier  
  180  14:52  Immortal x2  
  186  15:05  High Templar x3  
  186  15:06  Zealot x3  
  196  15:10  Archon  
  196  15:12  Zealot  
  192  15:29  Zealot x4  
  196  15:48  Warp Prism  
  199  15:50  Observer  
  199  16:01  Nexus  
  197  16:17  Immortal  
  199  16:22  Zealot  
  199  16:23  Zealot x4  
  181  17:03  Zealot x5  
Show
View Real Time Build Order
Export as new Build Order

TIME Terran 

Build Orders: Mech 

Get SALT Encoding   

  12  0:00  SCV  
  13  0:13  SCV  
  14  0:17  Supply Depot  
  14  0:25  SCV  
  15  0:29  Refinery  
  15  0:39  SCV  
  16  0:45  Barracks  
  16  0:51  SCV  
  17  1:03  SCV  
  18  1:15  SCV  
  20  1:32  Reaper  
  20  1:33  Orbital Command  
  20  1:48  Command Center  
  20  1:56  Factory  
  20  1:59  SCV  
  21  2:07  Barracks Reactor  
  21  2:11  SCV  
  21  2:14  Supply Depot  
  22  2:19  Refinery  
  22  2:23  SCV  
  23  2:36  SCV  
  24  2:44  Marine x2  
  25  2:45  Hellion  
  25  2:48  SCV  
  25  2:49  Starport  
  29  3:00  SCV  
  29  3:01  Marine  
  29  3:02  Marine  
  32  3:06  Orbital Command  
  32  3:08  Factory Tech Lab  
  32  3:16  SCV  
  32  3:19  Marine x2  
  34  3:30  SCV  
  34  3:32  SCV  
  34  3:33  Factory Tech Lab  
  34  3:34  Raven  
  36  3:37  Marine x2  
  36  3:38  Supply Depot  
  40  3:43  SCV  
  40  3:44  SCV  
  42  3:52  Siege Tank  
  45  3:55  SCV  
  45  3:56  Supply Depot  
  45  3:59  SCV, Marine x2  
  49  4:08  SCV  
  50  4:11  SCV  
  51  4:20  Command Center  
  51  4:23  SCV  
  51  4:24  SCV  
  53  4:25  Siege Tank  
  53  4:27  Marine  
  53  4:30  Supply Depot  
  53  4:31  Marine  
  57  4:35  Viking  
  57  4:37  SCV  
  61  4:39  SCV  
  62  4:49  Marine x2  
  62  4:52  Bunker  
  62  4:53  SCV  
  62  4:56  SCV  
  62  4:57  Siege Tank  
  62  4:58  Refinery  
  62  4:59  Refinery  
  67  5:01  Supply Depot  
  67  5:05  SCV  
  68  5:09  Marine  
  68  5:10  SCV  
  70  5:23  SCV x2  
  70  5:25  Supply Depot  
  72  5:29  Siege Tank  
  72  5:32  Orbital Command  
  72  5:35  SCV x2  
  77  5:44  Factory  
  77  5:45  Factory  
  77  5:47  SCV x2  
  79  5:52  Supply Depot  
  79  5:59  SCV x3  
  79  6:00  Armory  
  79  6:01  Armory  
  82  6:08  Orbital Command  
  83  6:11  SCV  
  83  6:14  Siege Tank  
  83  6:16  SCV  
  87  6:18  Starport Reactor  
  87  6:23  SCV  
  88  6:27  Refinery  
  88  6:28  SCV  
  88  6:30  Hellion x2, Siege Tank, Refinery  
  96  6:35  SCV  
  96  6:36  SCV  
  98  6:40  SCV  
  98  6:42  Supply Depot x2  
  98  6:47  SCV  
  100  6:48  SCV  
  100  6:50  Terran Vehicle And Ship Armor Level 1, Terran Vehicle Weapons Level 1  
  100  6:51  Hellion x2  
  100  6:52  SCV  
  106  6:56  Siege Tank  
  109  7:03  SCV x2  
  109  7:04  SCV  
  109  7:05  Supply Depot x2  
  109  7:07  Siege Tank  
  115  7:11  Viking  
  115  7:12  Hellion  
  115  7:13  Hellion  
  122  7:15  SCV, Viking  
  122  7:17  SCV  
  125  7:25  Engineering Bay  
  125  7:26  SCV  
  125  7:28  SCV, Supply Depot  
  127  7:33  SCV  
  127  7:34  Hellion  
  128  7:38  SCV  
  128  7:39  Siege Tank  
  128  7:40  SCV  
  131  7:44  Hellion  
  131  7:45  SCV  
  131  7:51  SCV  
  133  7:52  SCV  
  133  7:57  SCV, Hellion  
  137  8:00  Siege Tank  
  137  8:01  Missile Turret  
  137  8:03  SCV, Missile Turret  
  137  8:04  SCV  
  142  8:09  Supply Depot  
  141  8:15  Sensor Tower  
  141  8:20  Viking, Factory x2  
  141  8:25  SCV x2  
  145  8:30  Infernal Pre-Igniter  
  145  8:39  Command Center  
  145  8:44  Supply Depot  
  145  8:46  Supply Depot  
  145  8:52  Hellion x8  
  145  8:53  Thor x2  
  157  9:03  Terran Vehicle Weapons Level 2  
  157  9:06  Viking x2, Terran Vehicle And Ship Armor Level 2, Hellion  
  165  9:10  Hellion  
  165  9:11  Factory Reactor, Factory Tech Lab  
  165  9:16  Supply Depot  
  165  9:19  Supply Depot  
  165  9:28  Hellion  
  169  9:31  Hellion  
  169  9:34  SCV x2  
  169  9:36  Supply Depot  
  169  9:38  Thor  
  177  9:39  Supply Depot  
  177  9:40  Thor  
  177  9:43  SCV  
  184  9:46  SCV  
  184  9:49  Hellion x2  
  184  9:50  Hellion, Thor  
  199  9:52  Hellion  
  199  9:57  Liberator  
  143  10:12  Hellion x2  
  133  10:20  Hellion x2  
  133  10:21  Siege Tank  
  130  10:23  Siege Tank  
  133  10:28  SCV x2  
  133  10:29  SCV  
  133  10:34  Hellion x2  
  140  10:35  Siege Tank  
  140  10:40  SCV  
  140  10:41  SCV, Hellion  
  140  10:42  Liberator x2  
  147  10:44  Hellion  
  149  10:52  Refinery  
  149  10:54  Refinery  
  149  10:55  Hellion x2  
  149  10:56  Engineering Bay  
  153  10:57  SCV  
  153  11:01  Siege Tank x2  
  153  11:03  Hellion  
  165  11:21  Hellion x2, Siege Tank  
  165  11:22  Planetary Fortress  
  165  11:24  SCV  
  165  11:25  SCV  
  174  11:27  Missile Turret  
  174  11:30  Missile Turret, Sensor Tower  
  174  11:32  Missile Turret  
  174  11:33  Hellion x2, Sensor Tower, Siege Tank  
  174  11:39  Terran Vehicle Weapons Level 3  
  185  11:56  Command Center, Terran Vehicle And Ship Armor Level 3  
  185  12:07  Thor  
  187  12:09  Viking  
  189  12:16  Thor  
  189  12:20  Supply Depot  
  195  12:30  Missile Turret  
  195  12:32  Viking  
  195  12:34  Hellion  
  194  12:41  Missile Turret  
  194  12:43  Sensor Tower  
  194  12:53  Siege Tank  
  200  12:58  Siege Tank  
  198  13:29  Hellion  
  180  13:43  Viking x2  
  180  13:44  Thor  
  180  13:45  Hellion, Thor  
  180  13:46  Hellion  
  180  13:47  Thor x5  
  180  13:54  Thor  
  174  13:56  Hellion x2  
  174  14:01  SCV  
  179  14:09  Starport x2  
  179  14:12  SCV x2  
  179  14:13  Viking x2  
  185  14:27  Thor  
  191  14:37  Thor  
  192  14:47  Thor  
  192  14:49  Hellion  
  200  14:57  SCV  
  200  14:59  Viking x2  
  177  15:00  Viking  
  177  15:04  SCV  
  176  15:07  Hellion x3  
  176  15:10  Viking  
  180  15:17  SCV  
  181  15:21  Sensor Tower  
  181  15:28  Missile Turret  
  181  15:30  Missile Turret  
  181  15:33  Missile Turret  
  181  15:35  Neosteel Armor  
  181  15:36  Refinery  
  181  15:41  Refinery  
  181  15:44  Missile Turret  
  181  15:45  SCV x2  
  181  15:48  Sensor Tower  
  183  16:02  SCV x2  
  184  16:08  Viking, Command Center  
  184  16:09  Viking  
  181  16:16  Viking x2  
  181  16:17  SCV  
  183  16:21  Liberator  
  183  16:24  Liberator  
  181  16:27  SCV  
  182  16:36  Hellion  
  165  17:05  Hellion x2  
Tags
 
Add a new tag
Caveats
  • Supply blocks, unpowered buildings, or Contaminate may cause inaccurate times.
  • Supply counts are checked every 10 seconds.